 Dungeon Crawl Stone Soup version 0.20.1-1-g8b1a95d (webtiles) character file.

307 Golfball the Skirmisher (level 6, 0/40 HPs)
             Began as a Gargoyle Fighter on Sept 8, 2017.
             Slain by Triprunner's ghost (6 damage)
             ... on level 3 of the Dungeon.
             The game lasted 00:08:55 (2728 turns).

Golfball the Skirmisher (Gargoyle Fighter)          Turns: 2728, Time: 00:08:55

Health: 0/40       AC: 16    Str: 25    XL:     6   Next: 40%
Magic:  15/15      EV:  5    Int: 17    God:
Gold:   160        SH: 15    Dex: 11    Spells: 5/5 levels left

rFire    x . .     SeeInvis .   a - +1 flail
rCold    + + .     Gourm    .   j - +0 large shield
rNeg     + . .     Faith    .   p - +0 ice dragon scales
rPois    ∞         Spirit   .   r - +0 helmet
rElec    +         Reflect  .   (no cloak)
rCorr    .         Harm     .   (no gloves)
MR       .....                  (no boots)
Stlth    ..........             (no amulet)
Regen    0.2/turn               n - +4 ring of intelligence
MPRegen  0.2/turn               k - ring of magical power

@: mighty, brilliant, flying
A: negative energy resistance 1, electricity resistance, unbreathing,
petrification resistance, rot immunity, AC +4
a: no special abilities


You were on level 3 of the Dungeon.
You were not hungry.

You visited 1 branch of the dungeon, and saw 3 of its levels.

You collected 160 gold pieces.

Inventory:

Hand Weapons
 a - a +1 flail (weapon)
Missiles
 o - 42 poisoned needles
Armour
 j - a +0 large shield (worn)
 p - +0 ice dragon scales (worn)
 r - a +0 helmet (worn)
Jewellery
 k - a ring of magical power (right hand)
 n - a +4 ring of intelligence (left hand)
Scrolls
 h - a scroll of immolation
 i - a scroll of magic mapping
 l - 3 scrolls of teleportation
 m - a scroll of enchant weapon
Potions
 e - 2 potions of haste
Comestibles
 f - 2 bread rations
 g - 3 meat rations
 q - 8 chunks of flesh
 s - a royal jelly


   Skills:
 + Level 5.3 Fighting
 + Level 3.9 Maces & Flails
 + Level 3.6 Armour
 + Level 4.8 Shields


You had 5 spell levels left.
You didn't know any spells.

Dungeon Overview and Level Annotations

Branches:
Dungeon (3/15)

Altars:
Dithmenos
Makhleb
Nemelex Xobeh
Yredelemnul

Annotations:
D:3 Triprunner's ghost, amateur GrFi


Innate Abilities, Weirdness & Mutations

You are resistant to torment.
Your stone body is resilient. (AC +4)
You are immune to poison.
You resist negative energy. (rN+)
You are resistant to electric shocks. (rElec)
You can survive without breathing.
You are immune to petrification.
You are immune to rotting.


Message History

You block Triprunner's ghost's attack.
You barely miss Triprunner's ghost.
Triprunner's ghost is moderately damaged.
You block Triprunner's ghost's attack. Triprunner's ghost hits you.
* * * LOW HITPOINT WARNING * * *
You hit Triprunner's ghost.
Triprunner's ghost is heavily damaged.
You block Triprunner's ghost's attack.
It was a potion of brilliance.
You feel clever all of a sudden. You block Triprunner's ghost's attack.
It was a potion of flight.
You feel very buoyant.
You fly up into the air.
Triprunner's ghost hits you but does no damage.
You miss Triprunner's ghost.
Triprunner's ghost is heavily damaged.
Triprunner's ghost says, "They'll have to sweep you off the floor after I'm finished with you!"
Triprunner's ghost hits you.
You die...

..........# ..........###
............# #########
..........#.# ####.......#
.....W....#.####..........###
..........'..................
......†...#..###..........###
....########W######.......#
.. #@.# #.......#
###.#####.......#
#...........#####
###..####.....# #..# #.....#
## ..... #.....# #. ....#.#
#.....# #. ......#.. #.....#
#. ......##.##.....# #.


You could see Triprunner's ghost.

Vanquished Creatures
  Sigmund (D:2)
  A crimson imp (D:3)
  Robin (D:3)
  2 adders
  An adder skeleton (D:3)
  A dart slug (D:3)
  3 leopard geckos
  4 bats (D:1)
  3 giant cockroaches
  14 goblins
  10 hobgoblins
  12 jackals
  2 kobolds (D:1)
  2 quokkas (D:2)
  2 frilled lizards
  10 rats
69 creatures vanquished.

Notes
Turn   | Place    | Note
-------+----------+-------------------------------------------
     0 | D:1      | Golfball the Gargoyle Fighter began the quest for the Orb.
     0 | D:1      | Reached XP level 1. HP: 14/14 MP: 1/1
   103 | D:1      | Reached XP level 2. HP: 19/19 MP: 2/2
   397 | D:1      | Reached skill level 4 in Fighting
   569 | D:1      | Reached XP level 3. HP: 23/24 MP: 3/3
  1254 | D:2      | Noticed Sigmund
  1267 | D:2      | Killed Sigmund
  1267 | D:2      | Reached skill level 5 in Fighting
  1267 | D:2      | Reached XP level 4. HP: 2/31 MP: 4/4
  1267 | D:2      | Reached XP level 5. HP: 3/35 MP: 5/5
  1610 | D:2      | Found a shadowy altar of Dithmenos.
  1848 | D:2      | Found a sparkling altar of Nemelex Xobeh.
  1849 | D:2      | Found a basalt altar of Yredelemnul.
  1855 | D:2      | Found a burning altar of Makhleb.
  1945 | D:2      | Reached XP level 6. HP: 36/40 MP: 6/6
  2554 | D:3      | Noticed Robin
  2574 | D:3      | Killed Robin
  2688 | D:3      | Noticed Triprunner's ghost (amateur GrFi)
  2728 | D:3      | Slain by Triprunner's ghost

Skill      XL: |  1  2  3 |
---------------+----------+-----
Fighting       | 4 5 |  5.3
Maces & Flails | 3 |  3.9
Shields        | 4 |  4.8
Armour         | |  3.6

Action                   |  1- 3 |  4- 6 || total
-------------------------+-------+-------++-------
Melee: Flail             |   121 |   158 ||   279
  Use: Potion            |     1 |     3 ||     4
       Scroll            |       |     8 ||     8
  Eat: Chunk             |     1 |     5 ||     6
Armor: Scale mail        |    61 |    15 ||    76
       Ice dragon scales |       |    50 ||    50
Dodge: Dodged            |    22 |    17 ||    39
Block: Shield            |     5 |       ||     5
       Large shield      |    88 |   102 ||   190
